 Dungeon Crawl Stone Soup version 0.17.0-28-g6e173f8 (webtiles) character file.

396 rootspb the Chopper (level 6, -2/56 HPs)
             Began as a Minotaur Berserker on Nov 24, 2015.
             Was a Believer of Trog.
             Shot with an arrow by a centaur (3 damage)
             ... on level 5 of the Dungeon.
             The game lasted 00:08:24 (855 turns).

rootspb the Chopper (Minotaur Berserker)             Turns: 855, Time: 00:08:24

Health: -2/56      AC:  9    Str: 24    XL:     6   Next: 52%
Magic:  5/5        EV:  9    Int:  4    God:    Trog [**....]
Gold:   105        SH:  0    Dex:  9    Spells: 0 memorised, 5 levels left

rFire  . . .     SeeInvis .     a - +0 hand axe
rCold  . . .     Clarity  .     k - +0 chain mail
rNeg   . . .     SustAt   .     (no shield)
rPois  .         Gourm    .     (helmet restricted)
rElec  .         Spirit   .     (no cloak)
rCorr  .         Warding  .     (no gloves)
rMut   .         Stasis   .     (no boots)
MR     .....                    (no amulet)
Stlth  ..........               (no ring)
                                (no ring)

@: very slightly contaminated, invisible, not resistant to hostile enchantments,
extremely unstealthy
A: retaliatory headbutt, horns 2
a: Berserk, Trog's Hand, Burn Spellbooks, Renounce Religion


You were on level 5 of the Dungeon.
You worshipped Trog.
Trog was pleased with you.
You were not hungry.

You visited 1 branch of the dungeon, and saw 6 of its levels.

You collected 105 gold pieces.

Inventory:

Hand Weapons
 a - a +0 hand axe (weapon)
 m - a +0 dagger
Armour
 b - a +0 animal skin
 k - a +0 chain mail (worn)
Scrolls
 i - 3 scrolls of identify {unknown}
 l - a scroll of enchant weapon {unknown}
 n - a scroll of enchant armour {unknown}
 o - a scroll of fear {unknown}
Potions
 e - 2 potions of invisibility
 h - a potion of resistance {unknown}
 j - 2 potions of lignification {unknown}
Comestibles
 c - 2 bread rations
 d - 2 fruits
 f - a meat ration
 g - a chunk of flesh


   Skills:
 + Level 5.5 Fighting
 + Level 6.0 Axes
 + Level 3.9 Armour
 + Level 4.0 Dodging


You had 5 spell levels left.
You didn't know any spells.

Dungeon Overview and Level Annotations

Branches:
Dungeon (6/15)
 Temple: D:4-7

Altars:

Shops:
D:4 (


Innate Abilities, Weirdness & Mutations

You reflexively headbutt those who attack you in melee.
You have a pair of horns on your head.


Message History

You headbutt the centaur!
The centaur is heavily wounded.
The centaur hits you but does no damage.
The centaur hits you.
* * * LOW HITPOINT WARNING * * *
Unknown command.
Drink which item? (? for menu, Esc to quit)
It was a potion of invisibility.
You fade into invisibility!
The centaur barely misses you.
You are very lightly contaminated with residual magic.
A crimson imp comes into view.
The crimson imp shouts!
The centaur misses you. The crimson imp hits you.
* * * LOW HITPOINT WARNING * * *
The centaur wields an uncursed shortbow.
The centaur shoots an arrow.
The arrow hits you but does no damage.
The centaur shoots an arrow.
The arrow hits you.
You die...

### #. ..# #.# #.#
#.# #.# #####.#.#
#.# #####.....#.#
#.# .........#.#
#.#
##.......#.###.#
####...###.....5@c#
.........#.##.#####
####.#.#.# #.#
.......>.# ##.#
......<#.#.##.#
##.###.#.#.##.#
#.#.......##.#
#.#.###'####.# #.
#.......#


You could see a centaur and a crimson imp.

Vanquished Creatures
  The ghost of homeworkjunkie the Covert, an amateur SpAs (D:4)
  Menkaure (D:5)
  A hound (D:5)
  A giant frog skeleton (D:4)
  A worker ant (D:5)
  An adder (D:4)
  An ooze (D:2)
  A worm (D:5)
  An orc (D:5)
  A ball python (D:1)
  3 bats (D:1)
  3 giant cockroaches
  2 hobgoblins (D:1)
  3 jackals (D:1)
  A giant newt (D:1)
  5 goblins
  A quokka skeleton (D:3)
  2 rats (D:1)
30 creatures vanquished.

Notes
Turn   | Place    | Note
--------------------------------------------------------------
     0 | D:1      | rootspb the Minotaur Berserker began the quest for the Orb.
     0 | D:1      | Reached XP level 1. HP: 19/19 MP: 0/0
    91 | D:1      | Reached XP level 2. HP: 20/27 MP: 1/1
   201 | D:1      | Reached skill level 4 in Axes
   596 | D:4      | Found Duiresir's Weapon Shop.
   617 | D:4      | Reached XP level 3. HP: 26/33 MP: 2/2
   636 | D:4      | Noticed homeworkjunkie's ghost (amateur SpAs)
   676 | D:4      | Killed homeworkjunkie's ghost
   676 | D:4      | Reached skill level 5 in Axes
   676 | D:4      | Reached XP level 4. HP: 33/41 MP: 3/3
   676 | D:4      | Reached XP level 5. HP: 37/47 MP: 4/4
   682 | D:4      | Reached skill level 5 in Fighting
   686 | D:4      | Reached ** piety under Trog
   693 | D:5      | Entered Level 5 of the Dungeon
   797 | D:5      | Noticed Menkaure
   807 | D:5      | Killed Menkaure
   807 | D:5      | Reached XP level 6. HP: 7/56 MP: 5/5
   809 | D:5      | Reached skill level 6 in Axes
   847 | D:5      | Noticed a centaur
   854 | D:5      | HP: 1/56 [crimson imp (3)]
   855 | D:5      | Shot with an arrow by a centaur

Action                   |  1- 3 |  4- 6 || total
-------------------------+-------+-------++-------
Melee: Hand axe          |    96 |    33 ||   129
Invok: Berserk           |       |     1 ||     1
       Trog's Hand       |       |     1 ||     1
  Use: Potion            |       |     1 ||     1
  Eat: Chunk             |       |     1 ||     1
